 Dungeon Sprint DCSS version 0.31-a0-632-g766dd24fdf (webtiles) character file.

Game seed: 14953612285009805050

833 sircluck the Grappler (level 7, -7/81 HPs)
             Began as a Troll Berserker on Aug 25, 2023.
             Was a Priest of Trog.
             Mangled by an ice devil (21 damage)
             ... summoned by a kobold demonologist
             ... in the Dungeon (Sprint I: "Red Sonja").
             The game lasted 00:01:01 (182 turns).

sircluck the Grappler (Troll Berserker)              Turns: 182, Time: 00:01:02

Health: -7/81      AC:  4    Str: 28    XL:     7   Next: 66%
Magic:  6/6        EV: 12    Int:  3    God:    Trog [***...]
Gold:   279        SH:  0    Dex:  9    Spells: 6/6 levels left

rFire   . .          .
                       - Unarmed
rCold   . . .        (no shield)
rNeg    . . .        a - +0 animal skin
rPois   .            (helmet restricted)
rElec   .            (no cloak)
rCorr   .            (gloves unavailable)
SInv    .            (boots unavailable)
Will    .....        (no amulet)
Stlth   +            (no ring)
HPRegen 1.13/turn    (no ring)
MPRegen 0.10/turn

%: no teleportation
@: lethally poisoned (-7 -> -15)
A: large, unfitting armour, claws 3, regeneration 1, shaggy fur 1, tough skin 1
a: Renounce Religion, Berserk, Trog's Hand


You were in the Dungeon.
You worshipped Trog.
Trog was most pleased with you.
You visited 1 branch You collected 279 gold pieces.

Inventory:

Missiles
 i - 6 javelins
Armour
 a - a +0 animal skin (worn)
Wands
 h - a wand of paralysis (11)
Potions
 b - 2 potions of curing
 d - a potion of haste
 e - 2 potions of magic
 f - a potion of berserk rage


   Skills:
 + Level 8.7 Fighting
 + Level 8.6 Dodging
 + Level 10.2 Unarmed Combat


You had 6 spell levels left.
You didn't know any spells.
Your spell library was empty.

Dungeon Overview and Level Annotations

Branches:
Dungeon (1/1)

Altars:
Makhleb
Sif Muna
Vehumet
Wu Jian
Xom
Jiyva
Lugonu


Innate Abilities, Weirdness & Mutations

You are too large for most types of armour.
You have claws for hands.
Your natural rate of healing is unusually fast.
You are covered in fur. (AC +1)
You have tough skin. (AC +1)


Message History

An ice devil opens the door.
You close the door.
A quasit opens the door.
There's a creature in the doorway!
There's a creature in the doorway!
There's a creature in the doorway!
There's a creature in the doorway!
The ice devil attacks as it pursues you!
The ice devil hits you but does no damage.
There is an open door, spattered with blood here.
The shadow imp grins evilly.
The ice devil attacks as it pursues you!
The ice devil barely misses you.
There is an open door here.
The ice devil attacks as it pursues you!
The ice devil hits you!
* * * LOW HITPOINT WARNING * * *
The ice devil freezes you!!
* * * LOW HITPOINT WARNING * * *
Things that are here:
a +0 scythe; a +0 robe; the human corpse of Sigmund
Aiming: Paralyse
Press: ? - help, Q - select action, (/) - cycle Shift-Dir - straight line, f - ice devil
Aim: an ice devil (summoned, chance to affect: 7%)
Okay, then.
You feel much better.
The kobold demonologist mumbles some strange words.
The ice devil closely misses you.
Unknown command.
You closely miss the ice devil.
The kobold demonologist gestures wildly while chanting.
You closely miss the ice devil. The ice devil barely misses you.
The orange demon stings you.
* * * LOW HITPOINT WARNING * * *
You are poisoned.
The orange demon poisons you! The orange demon hits you.
* * * LOW HITPOINT WARNING * * *
The ice devil hits you.
* * * LOW HITPOINT WARNING * * *
The ice devil freezes you!!
You die...

##########################
#<.#..)..#.)@4.#__#..'.).#
#..').#..'.4#4K55.'..#...#
#..#####'#####'#__####5..+
#..# #..# #.#### #####
#..# #### ##.# #..# #+#_.+
#⌠⌠# +..._# #### #_.#'#
##+#.#


You could see an orange demon (summoned), 2 ice devils, a kobold demonologist,
an iron imp (summoned) and a quasit (summoned).

Vanquished Creatures
  A kobold demonologist (D)
  Sigmund (D)
  A slime creature (D)
  A floating eye (D)
  An ogre (D)
  A jelly (D)
  Ijyb (D)
7 creatures vanquished.

Notes
Turn   | Place    | Note
-------+----------+-------------------------------------------
     0 | D        | sircluck the Troll Berserker began the quest for the Orb.
     0 | D        | Reached XP level 1. HP: 22/22 MP: 0/0
     1 | D        | Noticed Ijyb
     4 | D        | Paralysed by Ijyb for 3 turns
    13 | D        | Paralysed by Ijyb for 2 turns
    18 | D        | Paralysed by Ijyb for 3 turns
    27 | D        | Killed Ijyb
    28 | D        | Reached skill level 4 in Unarmed Combat
    28 | D        | Reached XP level 2. HP: 17/32 MP: 1/1
    43 | D        | Noticed an ogre
    48 | D        | Killed an ogre
    49 | D        | Reached skill level 5 in Fighting
    49 | D        | Reached skill level 5 in Dodging
    49 | D        | Reached skill level 6 in Unarmed Combat
    49 | D        | Reached XP level 3. HP: 27/42 MP: 2/2
    49 | D        | Reached XP level 4. HP: 33/50 MP: 3/3
    65 | D        | Noticed Sigmund
    72 | D        | Killed Sigmund
    72 | D        | Reached ** piety under Trog
    73 | D        | Reached skill level 7 in Unarmed Combat
    73 | D        | Reached XP level 5. HP: 50/61 MP: 4/4
    73 | D        | Reached XP level 6. HP: 56/68 MP: 5/5
    86 | D        | Found an ornate altar of the Wu Jian Council.
    86 | D        | Found a shimmering blue altar of Sif Muna.
    88 | D        | Found a radiant altar of Vehumet.
    92 | D        | Reached skill level 8 in Unarmed Combat
   127 | D        | Found a burning altar of Makhleb.
   127 | D        | Found a viscous altar of Jiyva.
   127 | D        | Found a shimmering altar of Xom.
   127 | D        | Found a corrupted altar of Lugonu.
   127 | D        | Noticed a slime creature
   134 | D        | Killed a slime creature
   135 | D        | Reached skill level 9 in Unarmed Combat
   157 | D        | Noticed a kobold demonologist
   157 | D        | Noticed a floating eye
   157 | D        | Noticed a kobold demonologist
   159 | D        | Killed a floating eye
   159 | D        | Reached *** piety under Trog
   160 | D        | Reached XP level 7. HP: 79/79 MP: 6/6
   163 | D        | Noticed an ice devil
   165 | D        | Killed a kobold demonologist
   166 | D        | Reached skill level 10 in Unarmed Combat
   178 | D        | HP: 2/81 [ice devil[a kobold demonologist] (18)]
   180 | D        | Noticed an orange demon
   181 | D        | Noticed an ice devil
   182 | D        | Mangled by an ice devil

Illustrated notes

Levels and vault maps discovered:
D:        dungeon_sprint_1 [red_sonja_temple_1, red_sonja_temple_small_1]

Skill      XL: |  1  2  3  4  5  6  7 |
---------------+----------------------+-----
Fighting       | 3 5 6 7 8 |  8.7
Dodging        | 3 5 6 7 8 |  8.6
Unarmed Combat | 4 6 7 9 10 | 10.2

Action                     |  1- 3 |  4- 6 |  7- 9 || total
---------------------------+-------+-------+-------++-------
  Melee: Unarmed           |    22 |    14 |     8 ||    44
  Evoke: Wand              |     1 |       |       ||     1
    Use: Scroll            |       |       |     1 ||     1
         Potion            |       |       |     1 ||     1
 Armour: Animal skin       |     6 |     1 |     3 ||    10
  Dodge: Dodged            |     2 |     3 |     6 ||    11

Table legend: (Time is in decaauts)
 A = Elapsed time spent in this place.
 B = Non-inter-level travel time spent in this place.
 C = Inter-level travel time spent in this place.
 D = Time resting spent in this place.
 E = Time spent auto-exploring this place.
 F = Levels seen in this place.
 G = Mean time per level.
                   A        B        C        D        E       F      G
               +--------+--------+--------+--------+--------+-----+--------+
         Total |    177 |    177 |      0 |     16 |     14 |   1 |  177.0 |
       Dungeon |    177 |    177 |      0 |     16 |     14 |   1 |  177.0 |
               +--------+--------+--------+--------+--------+-----+--------+

Top non-repeatable levels by time:
       D: 177 daAuts
